 Dungeon Crawl Stone Soup version 0.29-a0-367-gc2b5878c41 (webtiles) character file.

Game seed: 13575895513823577556

32 Lekart the Skirmisher (level 3, -1/33 HPs)
             Began as a Draconian Chaos Knight on May 1, 2022.
             Was a Plaything of Xom.
             Slain by a hobgoblin (2 damage)
             ... on level 2 of the Dungeon.
             The game lasted 00:01:19 (1173 turns).

Lekart the Skirmisher (Draconian Chaos Knight)      Turns: 1173, Time: 00:01:20

Health: -1/33      AC:  5    Str: 14    XL:     3   Next: 10%
Magic:  3/3        EV: 12    Int: 12    God:    Xom [.*....]
Gold:   40         SH:  3    Dex: 12    Spells: 2/2 levels left

rFire   . . .      SeeInvis .   a - +0 falchion (chaos)
rCold   . . .      Faith    .   c - +0 buckler
rNeg    . . .      Spirit   .   (body armour unavailable)
rPois   .          Reflect  .   (helmet restricted)
rElec   .          Harm     .   (no cloak)
rCorr   .          Rampage  .   (no gloves)
Will    .....                   (no boots)
Stlth   ..........              (no amulet)
HPRegen 0.11/turn               (no ring)
MPRegen 0.08/turn               (no ring)

@: lethally poisoned (-1 -> -23), silenced (expiring)
A: AC +5, unfitting armour, cold-blooded
a: Renounce Religion


You were on level 2 of the Dungeon.
You worshipped Xom.
You were a plaything of Xom.
You visited 1 branch of the dungeon, and saw 2 of its levels.

You collected 40 gold pieces.

Inventory:

Hand Weapons
 a - a +0 falchion of chaos (weapon)
Armour
 c - a +0 buckler (worn)
Scrolls
 i - a scroll of teleportation
Potions
 f - a potion of flight
 h - a potion of haste
Miscellaneous
 b - a piece from Xom's chessboard (15/15) (quivered)


   Skills:
 * Level 4.0 Fighting
 + Level 3.3 Long Blades
 + Level 2.3 Dodging
 * Level 0.9 Shields


You had 2 spell levels left.
You didn't know any spells.
Your spell library was empty.

Dungeon Overview and Level Annotations

Branches:
Dungeon (2/15)

Altars:


Innate Abilities, Weirdness & Mutations

Your plain brown scales are hard. (AC +5)
You cannot fit into any form of body armour.
You are cold-blooded and may be slowed by cold attacks.


Message History

You kill the kobold!
The hobgoblin hits you.
You barely miss the endoplasm. You tail-slap the endoplasm.
The endoplasm is moderately wounded.
The hobgoblin hits you but does no damage.
You block the endoplasm's attack.
You hit the endoplasm.
The endoplasm is severely wounded.
You block the hobgoblin's attack. The endoplasm freezes you.
You are frozen.
You slash the endoplasm!
You kill the endoplasm!
The hobgoblin closely misses you.
The hobgoblin hits you but does no damage.
The adder closely misses you.
Your Fighting skill increases to level 4!
You barely miss the adder. The adder misses you.
The hobgoblin closely misses you.
You closely miss the adder.
Your tail-slap misses the adder.
You block the adder's attack.
The hobgoblin hits you but does no damage.
The adder bites you.
You are poisoned.
The adder poisons you!
You closely miss the adder.
You feel sick.
Xom's power touches on a nearby monster.
The adder changes into a shapeshifter!
The shapeshifter changes into a black mamba!
The hobgoblin misses you.
You closely miss the black mamba.
You feel sick. The hobgoblin misses you. The black mamba bites you!
* * * LOW HITPOINT WARNING * * *
The black mamba bites you!
* * * LOW HITPOINT WARNING * * *
Xom thinks this is hilarious!
You are more poisoned.
The black mamba poisons you! The hobgoblin hits you.
You die...
Xom chortles!

## ## .. ###.
.## ...# ..##
#.. ##...##
######.##.....##
#......<.......#
......###@....##
#.##. #Sg..## ..
#....?♣ ..
.....♣♣ #.
.....♣ # .#....♣
.#.>..♣ .......♣


You could see a black mamba shaped shifter and a hobgoblin.

Vanquished Creatures
  A dart slug (D:1)
  2 bats (D:1)
  4 endoplasms
  A giant cockroach (D:1)
  A goblin (D:1)
  4 hobgoblins (D:1)
  3 quokkas (D:1)
  4 ball pythons (D:1)
  A frilled lizard (D:1)
  5 kobolds
26 creatures vanquished.

Vanquished Creatures (others)
  7 withered plants (D:2)
7 creatures vanquished.

Grand Total: 33 creatures vanquished

Notes
Turn   | Place    | Note
-------+----------+-------------------------------------------
     0 | D:1      | Lekart the Draconian Chaos Knight began the quest for the
                  | Orb.
     0 | D:1      | Reached XP level 1. HP: 19/19 MP: 1/1
    39 | D:1      | XOM: divination: magic mapping
   297 | D:1      | XOM: silly message
   534 | D:1      | Found a faded altar of an unknown god.
   598 | D:1      | Reached XP level 2. HP: 26/26 MP: 2/2
   721 | D:1      | XOM: silly message
   924 | D:1      | Reached XP level 3. HP: 31/33 MP: 3/3
  1170 | D:2      | Reached skill level 4 in Fighting
  1172 | D:2      | Noticed a shapeshifter
  1172 | D:2      | an adder changed into a shapeshifter
  1172 | D:2      | XOM: polymorph adder -> shapeshifter
  1172 | D:2      | Noticed a black mamba
  1172 | D:2      | a shapeshifter changed into a black mamba
  1173 | D:2      | HP: 1/33 [black mamba (shapeshifter) (8)]
  1173 | D:2      | Slain by a hobgoblin

Illustrated notes

Levels and vault maps discovered:
D:1:      dpeg_arrival_boxes_within_box, layout_basic, serial_curves,
          eino_curves_01, eino_curves_03,
          hellmonk_ecumenical_altar_leap_of_faith, minivault_11
D:2:      cheibrodos_fertilizer, layout_loops_ring, basic_altar,
          dilly_guarded_unrand_morg, uniq_terence, uniq_robin

Skill      XL: |  1  2  3 |
---------------+----------+-----
Fighting       | 4 |  4.0
Long Blades    | |  3.3
Dodging        | |  2.3
Shields        | |  0.9

Action                   || total
-------------------------++-------
Melee: Falchion          ||    67
       Tailslap          ||     7
  Use: Potion            ||     3
       Scroll            ||     5
 Stab: Sleeping          ||     1
Armor: Skin              ||    22
Dodge: Dodged            ||    42
Block: Buckler           ||     9

Table legend: (Time is in decaauts)
 A = Elapsed time spent in this place.
 B = Non-inter-level travel time spent in this place.
 C = Inter-level travel time spent in this place.
 D = Time resting spent in this place.
 E = Time spent auto-exploring this place.
 F = Levels seen in this place.
 G = Mean time per level.
                   A        B        C        D        E       F      G
               +--------+--------+--------+--------+--------+-----+--------+
         Total |   1185 |   1177 |      8 |      0 |    980 |   2 |  592.5 |
       Dungeon |   1185 |   1177 |      8 |      0 |    980 |   2 |  592.5 |
               +--------+--------+--------+--------+--------+-----+--------+

Top non-repeatable levels by time:
     D:1: 1173 daAuts
     D:2: 12 daAuts
